[Event "Charlotte Summer IM B 2022"]
[Site "Charlotte"]
[Date "2022.07.25"]
[Round "1.1"]
[White "Homa, Seth"]
[Black "Zaloznyy, Mike"]
[Result "1-0"]
[ECO "C41"]
[WhiteElo "2237"]
[BlackElo "2171"]
[Annotator "TA"]
[PlyCount "107"]
[EventDate "2022.07.24"]
[EventType "tourn"]
[EventCountry "USA"]
[SourceTitle "playchess.com"]
[Source "ChessBase"]
[SourceQuality "1"]
[TimeControl "5400+30"]

1. e4 d6 2. d4 Nf6 3. Nc3 e5 4. Nf3 Nbd7 5. Bc4 Be7 6. O-O c6 7. a4 O-O 8. Re1 exd4 {[%emt 0:00:25] C41: Philidor Defence.} 9. Nxd4 Ne5 10. Ba2 Re8 {[%emt 0:01:05] White is slightly better.} 11. h3 Bf8 {[%emt 1:15:31] 11...Ng6 is becoming the main line.} 12. Be3 Ng6 {[%emt 0:00:00] [#]} 13. Qd3 $146 ({Predecessor:} 13. Qf3 Qa5 14. Qg3 Nh5 15. Qh2 Nf6 16. Nb3 Qc7 17. Bg5 Be7 18. Rad1 Ne5 19. Nd4 {1-0 (31) Markantonaki,H (2160)-Makka,E (2119) Athens 2014}) 13... Be6 14. Nxe6 fxe6 15. f4 Kh8 16. a5 d5 17. e5 Nd7 18. Rf1 a6 19. Bb1 Bb4 20. Ne2 Bxa5 21. c3 Bb6 22. Kh1 Rf8 {[%emt 0:00:00] White must now prevent ...Ndxe5.} 23. Bc2 Qh4 24. Bxb6 Nxb6 25. Qd4 Nc8 (25... Qd8 $11 {feels stronger.}) 26. Bxg6 $14 hxg6 27. Qb4 Qe7 28. Qb3 ({White should play} 28. Qxe7 $1 $14 Nxe7 29. Nd4) 28... c5 29. c4 dxc4 30. Qg3 Qf7 (30... Qe8 $15 {deserves consideration.}) 31. f5 $11 gxf5 32. Rad1 (32. Rf4 $1 $11) 32... Nb6 $1 $17 33. Nf4 {[%emt 0:00:55] [#]} Kg8 $2 (33... Nd5 $1 $17 {[%cal Rd5f4] Hoping for ...Nxf4.} 34. Rxd5 exd5) 34. Rd6 $1 $18 Nc8 (34... Nd5 $142 35. Nxe6 Nc7 36. Nxg7 (36. Nxc5 f4 $14) 36... Qxg7) 35. Rxe6 {[%emt 0:00:39] aiming for Rh6.} Ne7 36. Rf6 Qe8 37. Ne6 Rf7 38. Rf4 {[%emt 0:02:11] Intending Rh6 and mate.} Nd5 39. Rxf7 (39. Rg6 $18 Qe7 {[#]} 40. Rxf5 $3 ) 39... Qxf7 $11 40. Ng5 Qg6 41. Rxc4 f4 42. Qh4 (42. Qb3 $11) 42... Rf8 ({Better is} 42... b6 $15) 43. Rxc5 Qb1+ (43... Ne3 $11 44. Rc1 Qh6 45. Qxh6 gxh6) 44. Kh2 $14 Ne3 {[%emt 0:05:39] [#] ( -> ...Nf1+)} 45. Rc1 Qf5 46. Nf3 ({Don't play} 46. Rc7 Nf1+ 47. Kg1 Nd2 $11) (46. Kg1 $14) 46... Qg6 47. Qg5 $36 {[%emt 0:00:43][%mdl 2048] White has the initiative.} Qb6 48. h4 Rf5 49. Rc8+ Kh7 50. Qd8 Ng4+ 51. Kh1 Nf2+ (51... Qxd8 $11 52. Rxd8 Kg6) 52. Kg1 $16 Ng4+ $2 (52... Qxd8 $16 53. Rxd8 Ng4) 53. Kh1 $2 (53. Qxb6 {mates} Nh6 54. Qe6 b5 55. Ng5+ Rxg5 56. hxg5 Ng8 57. Qf5+ g6 58. Qf7+ Kh8 59. Rxg8#) 53... Qxd8 54. Rxd8 {[%mdl 32768] Weighted Error Value: White=0.42/Black=0.48. Loss on time!?} 1-0

[Event "Charlotte Summer IM B 2022"]
[Site "Charlotte"]
[Date "2022.07.25"]
[Round "1.2"]
[White "Mishra, Prateek"]
[Black "Eckert, Doug"]
[Result "0-1"]
[ECO "C78"]
[WhiteElo "2204"]
[BlackElo "2177"]
[Annotator "TA"]
[PlyCount "94"]
[EventDate "2022.07.24"]
[EventType "tourn"]
[EventCountry "USA"]
[SourceTitle "playchess.com"]
[Source "ChessBase"]
[SourceQuality "1"]
[TimeControl "5400+30"]

1. e4 e5 2. Nf3 Nc6 3. Bb5 a6 4. Ba4 Nf6 5. O-O b5 6. Bb3 Bc5 7. a4 Rb8 8. c3 d6 9. d4 Bb6 10. a5 {[%emt 0:00:04] C78: Ruy Lopez: Archangelsk and Möller Defences.} Ba7 (10... Nxa5 11. Rxa5 Bxa5 12. dxe5) (10... Bxa5 $2 11. dxe5 (11. d5 Ne7 $18) 11... dxe5 12. Qxd8+ Kxd8 13. Bd5 (13. Bxf7 Bb6 $16) 13... Nxd5 14. exd5 $18) 11. h3 O-O 12. Be3 {[%emt 0:00:06] The position is equal.} Re8 13. Nbd2 Ra8 14. Re1 Bb7 {[%emt 0:00:00] [#]} 15. Nf1 $146 (15. Ng5 $142 Rf8 16. Ndf3) ({Predecessor:} 15. d5 Ne7 16. Bxa7 Rxa7 17. c4 c6 18. Bc2 h6 19. b3 cxd5 20. cxd5 Bc8 21. b4 {0-1 (45) Sychev,K (2572)-Grigoriants,S (2546) Chess.com INT 2020}) 15... exd4 $11 ({But not} 15... Nxe4 16. d5 $16) 16. cxd4 Nxe4 17. Bd5 Nf6 (17... Qd7 $5 ) 18. Bg5 Rxe1 19. Qxe1 Qe8 20. Bxf6 Qxe1 21. Rxe1 {[%emt 0:00:29] Threatens to win with Bh4.} gxf6 22. Rc1 Nxa5 23. Bxb7 Nxb7 24. Rxc7 Na5 25. Rd7 Nc4 (25... Bb6 $11 {remains equal.}) 26. b3 (26. Ne3 $1 $16) 26... Nb6 27. Rxd6 a5 28. Rc6 a4 29. bxa4 bxa4 30. Ne3 a3 {[%emt 0:00:00] ...a2 is the strong threat.} 31. Rc2 Bb8 32. Ra2 Bd6 33. Nd2 Na4 {[%emt 0:03:21] aiming for ...Nc3.} 34. Ne4 {[%emt 0:01:44][%csl LRd6,LRf6] Prevents Nc3.} Bf8 35. d5 ({White should play} 35. Nxf6+ $11 Kg7 36. Nfd5) 35... Nc5 $15 36. Nc3 Nd3 37. Rd2 $1 Nb4 38. Na2 $2 {[%emt 0:01:13] [#] White does not recover from this.} (38. d6 $11 {and White is okay.}) 38... Nxa2 $1 $19 39. Rxa2 {[%emt 0:00:06][%mdl 4096] Endgame [#] KRB-KRN} Rb8 $1 {[%emt 0:00:59] And now ...Rb1+ would win.} 40. Nc4 Rb4 41. Ne3 (41. Nxa3 Ra4 42. d6 Bxd6 43. Nb5 Bh2+ 44. Kxh2 Rxa2 45. Kg3) 41... Rb2 42. Ra1 a2 {[%emt 0:01:06] ( -> ...Rb1+)} 43. Kh2 $2 (43. Nd1 Rb1 44. Rxa2 Rxd1+ 45. Kh2) 43... Bd6+ {[%emt 0:00:06] Black is clearly winning.} 44. g3 Rxf2+ 45. Kg1 Re2 46. Nc4 Bc5+ 47. Kh1 Rc2 {[%emt 0:00:32] Weighted Error Value: White=0.51/Black=0.13 (very precise)} 0-1

[Event "Charlotte Summer IM B 2022"]
[Site "Charlotte"]
[Date "2022.07.25"]
[Round "1.3"]
[White "Kolay, Alex"]
[Black "Wang, Tianqi"]
[Result "0-1"]
[ECO "D15"]
[WhiteElo "2188"]
[BlackElo "2402"]
[Annotator "TA"]
[PlyCount "74"]
[EventDate "2022.07.24"]
[EventType "tourn"]
[EventCountry "USA"]
[SourceTitle "playchess.com"]
[Source "ChessBase"]
[SourceQuality "1"]
[TimeControl "5400+30"]

1. d4 d5 2. c4 c6 3. Nf3 Nf6 4. Nc3 a6 5. c5 Bf5 6. Bf4 Nbd7 7. h3 e6 {[%emt 0:00:00] D15: Slav Defence: 4 Nc3 a6 and gambit lines after 4 Nc3 dxc4.} 8. Qb3 Ra7 9. e3 h6 {[%emt 0:00:00] White has an edge.} 10. Be2 Be7 11. Bh2 O-O 12. O-O Ne4 13. Rac1 {[%emt 0:42:24] [#]} Re8 $146 ({Predecessor:} 13... Bf6 14. Nxe4 Bxe4 15. Nd2 Bg6 16. Bd3 Bxd3 17. Qxd3 e5 18. b4 Re8 19. Nb3 Qc8 {1-0 (49) Daneshvar,B (2380)-Randil,L (1927) Tornelo 2021}) 14. Na4 a5 15. Bd3 Ng5 {[%emt 0:00:00] White must now prevent ...Nxf3+.} 16. Nxg5 hxg5 17. f3 Bf6 18. Bxf5 exf5 19. Rcd1 g6 20. Rfe1 g4 21. hxg4 fxg4 22. e4 gxf3 23. gxf3 Bg7 24. Nc3 b6 25. cxb6 Nxb6 26. e5 Nd7 (26... a4 $15 27. Qc2 Nc4) 27. Qc2 Nf8 28. Na4 Ne6 29. Qxc6 $2 (29. Nc5 $15) 29... Rc7 $19 30. Qb5 Rc2 {[%emt 0:01:00] ( -> ...Qg5+)} 31. Re2 Qg5+ $2 (31... Rc4 $19 32. Nc3 (32. Red2 $2 Bh6 $19) 32... Nxd4 33. Rxd4 Rxd4) 32. Kh1 $15 Rec8 33. Nc3 {[#]} Nxd4 34. Rxd4 $11 R8xc3 $40 {[%emt 0:00:00][%mdl 128] Black mounts an attack. Really sharp!} 35. Rd1 {[%emt 0:00:35][%mdl 8192] [#]} (35. Rg4 $11 Qc1+ 36. Rg1 Rxe2 37. Qxe2) 35... Qf5 $1 36. Rf1 (36. f4 Qh5) 36... Rxf3 37. Rg1 Rf2 {[%emt 0:00:00] Weighted Error Value: White=0.69/Black=0.47} 0-1

[Event "Charlotte Summer IM B 2022"]
[Site "Charlotte"]
[Date "2022.07.25"]
[Round "1.4"]
[White "Atanasov, Anthony"]
[Black "Avila Rodriguez, Joshua Ad"]
[Result "0-1"]
[ECO "B90"]
[WhiteElo "2172"]
[BlackElo "2210"]
[Annotator "TA"]
[PlyCount "66"]
[EventDate "2022.07.24"]
[EventType "tourn"]
[EventCountry "USA"]
[SourceTitle "playchess.com"]
[Source "ChessBase"]
[SourceQuality "1"]
[TimeControl "5400+30"]

1. e4 c5 2. Nf3 d6 3. d4 cxd4 4. Nxd4 Nf6 5. Nc3 a6 6. Nb3 e6 {[%emt 0:01:33] B90: Sicilian Najdorf: Unusual White 6th moves, 6 Be3 Ng4 and 6 Be3 e5.} 7. g4 b5 8. Bg2 Bb7 {[%emt 0:00:14] The position is equal.} 9. g5 Nfd7 (9... b4 $5 ) 10. h4 b4 11. Ne2 Nc6 12. f4 h6 13. Be3 hxg5 14. hxg5 Rxh1+ 15. Bxh1 {[%emt 0:00:06] [#]} Qc7 $146 ({Predecessor:} 15... a5 16. Ned4 Nxd4 17. Nxd4 Nc5 18. Qg4 g6 19. O-O-O Qd7 20. e5 Bxh1 21. Rxh1 dxe5 22. fxe5 {0-1 (56) Svidler,P (2723)-Nepomniachtchi,I (2784) chess24.com INT 2020}) 16. Qd3 Nc5 17. Qc4 a5 {[%emt 0:04:30][%cal Ba6a5,Ba5a4][%mdl 32] White must now prevent ...Ba6.} 18. Nxc5 ({Don't blunder} 18. Bxc5 $2 Ba6 19. Qxa6 (19. Bxd6 $2 Bxd6 20. Qxa6 Rxa6 $19) 19... Rxa6 $19) 18... dxc5 19. c3 (19. Bxc5 $2 Ba6 20. Qb3 Bxc5 $19) (19. g6 $5 ) 19... a4 20. cxb4 ({But not} 20. Bxc5 $2 Ba6 21. Qxa6 Rxa6 $19) (20. e5 $1 $15) 20... Nxb4 $17 {[%emt 0:00:18] Threatens to win with ...a3.} 21. a3 $2 {[%emt 0:14:16][%mdl 8192] Now White is beyond hope.} (21. Qc3 $17 {is tougher.}) 21... Ba6 $19 22. Qc3 Nd3+ 23. Kd2 (23. Kf1 $142 Nxf4 24. Bf3) 23... Rb8 24. b4 Qd7 25. b5 {[%emt 0:01:58] [#]} Rxb5 $1 26. Kd1 Rb3 27. Qd2 Rb2 28. Qa5 Nxf4+ {[%emt 0:01:10] Black mates.} 29. Kc1 Nd3+ 30. Kd1 Nb4+ 31. Kc1 {[%emt 0:00:40] [#]} Qd1+ $3 32. Kxd1 Bxe2+ 33. Ke1 Nd3# {[%emt 0:00:38] Weighted Error Value: White=1.00/Black=0.04 (flawless)} 0-1

[Event "Charlotte Summer IM B 2022"]
[Site "Charlotte"]
[Date "2022.07.25"]
[Round "1.5"]
[White "Adu, Oladapo"]
[Black "Ringoir, Tanguy"]
[Result "0-1"]
[ECO "A23"]
[WhiteElo "2056"]
[BlackElo "2490"]
[Annotator "TA"]
[PlyCount "55"]
[EventDate "2022.07.24"]
[EventType "tourn"]
[EventCountry "USA"]
[SourceTitle "playchess.com"]
[Source "ChessBase"]
[SourceQuality "1"]
[TimeControl "5400+30"]

1. c4 e5 2. Nc3 Nf6 3. g3 c6 4. d4 e4 5. Bg5 Bb4 $1 {[%emt 0:00:06] [#]} 6. a3 $146 {[%emt 0:01:57] A23: English Opening: 1...e5 2 Nc3 Nf6 3 g3 c6.} ({Predecessor:} 6. Bg2 d5 7. Qb3 Bxc3+ 8. bxc3 Nbd7 9. Nh3 O-O 10. O-O h6 11. Bxf6 Nxf6 12. cxd5 cxd5 {0-1 (53) Gagunashvili,M (2573)-Paichadze,L (2566) Tbilisi 2022}) 6... Bxc3+ 7. bxc3 O-O 8. c5 {[%emt 0:06:07] The position is equal.} h6 9. Bd2 (9. Bf4 $11 {keeps the balance.}) 9... b6 10. cxb6 (10. Bf4 $15) 10... axb6 $17 11. c4 Ba6 12. e3 c5 13. d5 d6 14. Bc3 Nbd7 15. a4 Qe7 16. Be2 Ne5 17. Qb3 Rfe8 18. Rb1 Bc8 {[%emt 0:00:45] Black is much more active. The white rooks are badly placed.} 19. Qxb6 (19. Ra1 $17) 19... Rxa4 {[%emt 0:00:12] Threatens to win with ...Nd3+.} 20. Qb3 (20. Kf1 $142) 20... Qa7 21. Kf1 {[%emt 0:02:31] [#]} Nxc4 22. Bxc4 Rxc4 23. Qxc4 {[%emt 0:00:43] Now White is beyond hope.} (23. Kg2 $17 {might work better.} Qa4 24. Bxf6 gxf6 25. Ne2) 23... Ba6 $19 24. Rb5 Qd7 {[%emt 0:01:10][%mdl 64] Pin} 25. Kg2 ({But not} 25. Bxf6 $2 Bxb5 26. Qe2 Bxe2+ $19) 25... Bxb5 26. Qb3 Rb8 {[%emt 0:00:52][%cal Ob5f1] [#] And now ...Bf1+! would win.} 27. Qd1 {[%emt 0:00:14] Inhibits Bf1+.} (27. Qa2 Qf5 28. Bxf6 Qxf6 29. Qb1) 27... Bd3 28. Bxf6 {[%emt 0:00:48] Weighted Error Value: White=0.46/Black=0.12 (very precise)} 0-1

[Event "Charlotte Summer IM B 2022"]
[Site "Charlotte"]
[Date "2022.07.25"]
[Round "2.2"]
[White "Avila Rodriguez, Joshua Ad"]
[Black "Adu, Oladapo"]
[Result "1/2-1/2"]
[ECO "B42"]
[WhiteElo "2210"]
[BlackElo "2056"]
[Annotator "TA"]
[PlyCount "49"]
[EventDate "2022.07.24"]
[EventType "tourn"]
[EventCountry "USA"]
[SourceTitle "playchess.com"]
[Source "ChessBase"]
[SourceQuality "1"]
[TimeControl "5400+30"]

1. e4 c5 2. Nf3 e6 3. d4 cxd4 4. Nxd4 a6 5. Bd3 Bc5 6. Nb3 Ba7 7. Qe2 Ne7 8. Be3 Nbc6 9. Nc3 b5 {[%emt 0:00:22] was the old line (9...0-0). B42: Sicilian: Kan Variation: 5 Bd3.} 10. Bxa7 Rxa7 11. a4 $1 b4 {[%emt 0:00:34] [#] White is slightly better.} 12. Nd5 $146 ({Predecessor:} 12. Nd1 d5 13. O-O dxe4 14. Bxe4 Nd4 15. Qc4 Nxb3 16. cxb3 a5 17. Qb5+ Bd7 18. Qc5 {0-1 (59) Anand,V (2801)-Kamsky,G (2714) Moscow 2007}) 12... O-O 13. Nxe7+ Qxe7 14. O-O Ne5 15. Rac1 d6 16. f4 Nxd3 17. cxd3 Bd7 18. a5 Qd8 19. Kh1 Ba4 20. Nd2 Bb5 21. Qe3 Rc7 22. Nb3 Ba4 23. Nd2 Bb5 24. Nb3 Ba4 25. Nd2 {[%emt 0:00:08] Weighted Error Value: White=0.08 (flawless) /Black=0.06 (flawless)} 1/2-1/2

[Event "Charlotte Summer IM B 2022"]
[Site "Charlotte"]
[Date "2022.07.25"]
[Round "2.3"]
[White "Wang, Tianqi"]
[Black "Atanasov, Anthony"]
[Result "1-0"]
[ECO "C47"]
[WhiteElo "2402"]
[BlackElo "2172"]
[Annotator "TA"]
[PlyCount "137"]
[EventDate "2022.07.24"]
[EventType "tourn"]
[EventCountry "USA"]
[SourceTitle "playchess.com"]
[Source "ChessBase"]
[SourceQuality "1"]
[TimeControl "5400+30"]

1. e4 e5 2. Nf3 Nf6 3. Nc3 Nc6 4. d4 exd4 5. Nxd4 Bb4 6. Nxc6 bxc6 7. Bd3 d5 8. Bd2 O-O 9. O-O Bxc3 {[%emt 0:00:00] C47: Scotch Four Knights and Four Knights with 4 g3.} 10. Bxc3 Nxe4 11. Bxe4 dxe4 {[%emt 0:00:00] The position is equal.} 12. Qe2 {[%emt 0:00:00] 12.Qh5 is the hot move.} Qe7 13. Rad1 Bf5 14. Qe3 Rfd8 {[%emt 0:00:00] [#]} 15. Rd4 $146 ({Predecessor:} 15. Rxd8+ Qxd8 16. f3 Qd5 17. fxe4 Bxe4 18. Qg3 Bg6 19. Re1 Qd6 20. Be5 Qc5+ 21. Qf2 Qxf2+ 22. Kxf2 Bxc2 23. Bxc7 {½-½ (65) Golubev,M (2461)-Davtyan,A (2461) Chess.com INT 2020}) 15... Rxd4 16. Qxd4 {[%emt 0:00:00][%csl Gc3][%cal Rd4g7] [#]} Qg5 17. Qe5 {[%emt 0:00:00][%mdl 1024] White has compensation.} Rc8 18. Re1 h5 19. Kh1 h4 20. h3 $1 Qg6 21. Qf4 Qh5 22. Qe5 (22. Qe3 $5 ) 22... Qg6 23. Re3 Rd8 24. Qxc7 Rd1+ 25. Re1 Qd6 26. Qxa7 Rxe1+ 27. Bxe1 $14 {[%emt 0:00:00][%mdl 4096] Endgame KQB-KQB} Qd1 28. Qb8+ Kh7 29. Qb4 Qxc2 30. Kh2 c5 31. Qb8 e3 (31... Kg6 $11) 32. Qf4 exf2 33. Qxh4+ Kg6 34. Qg3+ ({Don't take} 34. Bxf2 Qxb2 35. a4 (35. Bxc5 Qxa2 36. Qg3+ Kh7 $11) 35... c4 $14) 34... Kh7 35. Qxf2 c4 36. Qg3 (36. a4 $16) 36... f6 37. Bc3 Be4 (37... Qa4 $14) 38. a4 $16 Bb7 39. Qh4+ Kg6 40. Qg4+ Kh7 41. a5 {[%emt 0:00:00][%cal Oc3f6] aiming for Bxf6!} Qf2 42. h4 Qc5 43. Qd7 {[%emt 0:00:00] Inhibits Qd6+.} Bc8 {[%emt 0:01:02] [#]} ({Black should try} 43... Bc6 44. Qg4 Qd6+ 45. Kh1 Bb7) 44. Bd4 $1 Bxd7 45. Bxc5 {[%emt 0:00:00] Hoping for a6. KB-KB} Kg6 46. Kg3 Kf5 47. Bf8 g6 48. a6 Bc6 49. Bg7 {[%emt 0:00:00] Threatens to win with Kf2.} Ke6 50. Kf2 f5 51. g3 {[%emt 0:00:00] And now Ke3 would win.} Kd5 52. Ke3 Ke6 $2 (52... Bb5 {was worth a try.} 53. a7 Bc6) 53. Kd4 (53. Bc3 $142 {Kd4 is the strong threat.} Kd6 54. Kf4) 53... Bb5 $2 (53... Bf3 54. a7 Bd5) 54. a7 $18 Bc6 55. Kxc4 Bf3 56. Kd4 Bb7 57. Ke3 Ba8 58. Kf4 {[%emt 0:00:00] White threatens Kg5 and mate.} Bh1 59. Kg5 Kf7 60. Bd4 Bf3 61. Bf6 {[%emt 0:00:00][%cal Oh4h5] Threatening mate with h5!} Be4 62. b3 (62. b4 $142 Ke6 63. b5) 62... Bd5 63. h5 {[%emt 0:00:00] White mates.} gxh5 64. Kxf5 Bf3 65. Ke5 Bg2 66. Bh4 Ke8 67. Kd6 Bf3 68. Kc7 Be4 69. b4 {[%emt 0:00:00] Weighted Error Value: White=0.14 (very precise) /Black=0.47} 1-0

[Event "Charlotte Summer IM B 2022"]
[Site "Charlotte"]
[Date "2022.07.25"]
[Round "2.4"]
[White "Eckert, Doug"]
[Black "Kolay, Alex"]
[Result "1-0"]
[ECO "D11"]
[WhiteElo "2177"]
[BlackElo "2188"]
[Annotator "TA"]
[PlyCount "149"]
[EventDate "2022.07.24"]
[EventType "tourn"]
[EventCountry "USA"]
[SourceTitle "playchess.com"]
[Source "ChessBase"]
[SourceQuality "1"]
[TimeControl "5400+30"]

1. d4 d5 2. c4 c6 3. Nf3 Nf6 4. g3 dxc4 5. Bg2 b5 6. Ne5 {[%emt 0:02:45] D11: Slav Defence: 3 Nf3 sidelines and 3...Nf6 4 e3 Bg4.} Bb7 7. a4 $1 a6 8. b3 {[%emt 0:04:35] The position is equal.} cxb3 9. Qxb3 {[%emt 0:05:43][%csl Ge5][%cal Rb3f7] [#]} e6 10. Bb2 Qb6 11. O-O Nbd7 {[%emt 0:01:24] [#]} 12. a5 $146 ({Predecessor:} 12. Nxd7 Nxd7 13. Nd2 Be7 14. axb5 cxb5 15. d5 e5 16. Rfd1 a5 17. d6 Bxg2 18. dxe7 {1-0 (46) Fridman,D (2633)-Stefanova,A (2486) Skopje 2018}) 12... Qc7 13. Nxd7 $1 Nxd7 14. Rc1 Be7 15. Nd2 O-O 16. Ne4 e5 17. e3 exd4 18. exd4 Rfd8 {[%emt 0:01:09] [#]} (18... Rad8 $15 {keeps the upper hand.}) 19. d5 $1 $16 {[%emt 0:02:19] Hoping for dxc6. White is more active. Black is on the road to losing.} Nf8 (19... Ne5 $16) 20. dxc6 Bc8 21. Qe3 $40 {[%emt 0:05:38][%mdl 128] Black is in trouble.} ({Don't play} 21. Qc3 $6 Ne6 22. Qe3 b4) 21... Rb8 (21... Bf5 {keeps fighting.} 22. Nc3 (22. Qc3 Ne6 $14) 22... Be6) 22. Nc5 $18 ({Less strong is} 22. Qc3 Ne6 $14) 22... Ne6 23. Nxe6 Bxe6 24. Qe5 Qxe5 25. Bxe5 {[%emt 0:00:05] aiming for c7.} Rbc8 26. c7 Re8 27. Bb7 f6 28. Bd4 Bc4 29. Bb6 Bd6 30. Bxa6 Bxc7 31. Bxc8 Rxc8 32. Bxc7 Rxc7 {[%emt 0:00:13][%mdl 4096] Endgame KRR-KRB} 33. Rd1 Kf7 34. Rd8 Ra7 35. Rb8 {[%emt 0:00:00] Black must now prevent a6.} Kg6 36. a6 {[%emt 0:00:00] Threatens to win with Rb7.} b4 37. Rxb4 Rxa6 38. Rxa6 Bxa6 {[%emt 0:00:04] KR-KB} 39. Ra4 Bb7 40. Ra5 Be4 41. Kf1 Bf3 42. Ke1 Kh6 43. Ra6 Bb7 44. Rb6 Bc8 45. Kd2 Kg6 46. Ke3 Kf7 47. Rc6 Bd7 (47... Be6 48. h4 h5) 48. Rc7 Ke6 49. h4 g6 50. Ra7 h6 51. Ra6+ (51. f3 $142 Kd6 52. g4) 51... Ke7 52. Kd4 (52. f3 $142 Bc8 53. Ra5) 52... g5 53. hxg5 hxg5 54. Kd5 Bg4 55. Ra7+ Kf8 56. Kd6 Bh3 57. Rc7 Bg4 58. Ra7 Bh3 $1 59. f3 Bg2 60. Ke6 Bxf3 61. Kxf6 g4 {[%emt 0:00:06] White mates.} 62. Rc7 Kg8 63. Kg5 Kf8 64. Rc4 Kf7 65. Kf5 Kg7 66. Rc7+ Kf8 67. Kg6 Ke8 68. Rf7 Be4+ 69. Kg7 Bf3 70. Rf4 Ke7 71. Kg6 Bd1 72. Kg5 Ke6 73. Rxg4 Bxg4 74. Kxg4 Kf6 75. Kh5 {[%emt 0:00:09] Weighted Error Value: White=0.37/Black=0.24 (precise)} 1-0

[Event "Charlotte Summer IM B 2022"]
[Site "Charlotte"]
[Date "2022.07.25"]
[Round "2.5"]
[White "Homa, Seth"]
[Black "Mishra, Prateek"]
[Result "0-1"]
[ECO "A36"]
[WhiteElo "2237"]
[BlackElo "2204"]
[Annotator "TA"]
[PlyCount "84"]
[EventDate "2022.07.24"]
[EventType "tourn"]
[EventCountry "USA"]
[SourceTitle "playchess.com"]
[Source "ChessBase"]
[SourceQuality "1"]
[TimeControl "5400+30"]

1. c4 g6 2. Nc3 c5 3. g3 Bg7 4. Bg2 Nc6 5. e4 d6 6. d3 e5 7. Nge2 Nge7 8. O-O O-O 9. a3 a6 {[%emt 0:07:59] A36: Symmetrical English vs ...g6: 4 Bg2 Bg7.} 10. Rb1 Rb8 11. b4 cxb4 {[%emt 0:00:52] The position is equal.} 12. axb4 b5 $1 13. cxb5 axb5 14. Bg5 Be6 15. Qd2 {[%emt 0:01:15] [#]} Qd7 $146 ({Predecessor:} 15... f6 16. Be3 f5 17. exf5 Bxf5 18. Nd5 Be6 19. Nxe7+ Nxe7 20. Rfc1 Nf5 21. Ra1 Rc8 22. Rxc8 Qxc8 {1-0 (55) Malinowski,D (2238)-Morosi,D (2166) ICCF email 2017}) 16. Nd5 {[%emt 0:07:05] [#] aiming for Nf6+.} Bxd5 17. exd5 Nd4 (17... Nd8 $11 {keeps the balance.}) 18. Nxd4 $16 exd4 19. Bxe7 ({White should play} 19. Rfe1 $16 Rfe8 20. h4) 19... Qxe7 $11 20. Rfc1 Ra8 21. Rc6 Ra3 22. h4 Rfa8 23. Rbc1 Rc3 24. h5 gxh5 25. Be4 h4 26. g4 h3 27. Qf4 Qe5 28. Qf3 (28. Qd2 $1 $11) 28... h2+ $17 29. Kg2 Qg5 $36 {[%emt 0:05:30][%mdl 2048] Black fights for an advantage. Chess con chili.} 30. Rh1 {[%emt 0:03:37] Loses the game.} (30. Rf1 $1 $15) 30... Be5 $19 31. Rxc3 $2 (31. Qf5 {might work better.} Qxf5 32. Bxf5) 31... dxc3 32. d4 (32. Qf5 $142 Qxf5 33. Bxf5) 32... Bf4 33. Qh3 h6 {[%emt 0:02:28][%cal Bh7h6,Bh6h5,Bh5g4][%mdl 32] Active counter play!} 34. Bf5 Ra3 {[%emt 0:02:31] [#] ...Ra2 is the strong threat.} 35. Qd3 (35. Re1 $142) 35... h5 36. Qxb5 hxg4 {[%emt 0:00:19] Black mates.} 37. Qe8+ Kg7 38. Bh7 Qxd5+ 39. Be4 Qh5 40. Kf1 Ra1+ 41. Ke2 Rxh1 42. Bxh1 c2 {[%emt 0:00:00] Weighted Error Value: White=0.66/Black=0.28 (precise)} 0-1

[Event "Charlotte Summer IM B 2022"]
[Site "Charlotte"]
[Date "2022.07.26"]
[Round "3.1"]
[White "Mishra, Prateek"]
[Black "Zaloznyy, Mike"]
[Result "1-0"]
[ECO "B12"]
[WhiteElo "2204"]
[BlackElo "2171"]
[Annotator "TA"]
[PlyCount "53"]
[EventDate "2022.07.24"]
[EventType "tourn"]
[EventCountry "USA"]
[SourceTitle "playchess.com"]
[Source "ChessBase"]
[SourceQuality "1"]
[TimeControl "5400+30"]

1. e4 c6 2. d4 d5 3. e5 c5 4. Nf3 cxd4 5. Nxd4 Nc6 6. Nxc6 {[%emt 0:00:20] B12: Caro-Kann: Advance Variation.} bxc6 7. Bd3 e6 8. Nd2 {[%emt 0:00:46] [#] The position is equal.} a5 $146 ({Predecessor:} 8... Ne7 9. Nf3 a5 10. O-O Ng6 11. Re1 Ba6 12. Bxg6 hxg6 13. Bg5 Qb6 14. Rb1 c5 15. b3 Be7 16. Bxe7 Kxe7 17. Qd2 {½-½ (17) Paravyan,D (2617)-Alekseenko,K (2698) Chess.com INT 2022}) 9. Nf3 Ba6 10. Bxa6 Rxa6 11. Qd3 Qb6 12. O-O Bc5 13. c3 a4 14. Bd2 Ne7 15. Nd4 (15. Rac1 {is more complex.} O-O 16. Ng5 Ng6 17. h4) 15... Qa7 16. Be3 Bb6 $1 17. f4 g6 18. g4 h5 19. f5 $1 hxg4 $2 (19... Bxd4 $15 {stays ahead.} 20. Bxd4 c5) 20. fxe6 $16 fxe6 {[%emt 0:00:00] Hoping for ...Nf5.} 21. Rf6 {[%emt 0:00:45] 0x0.0013b8fa2b8bdp-1022s more active pieces.} Rh3 $2 {[%emt 0:00:00][%mdl 8192] This move loses the game for Black.} (21... Bxd4 $16 {is more resistant.} 22. Bxd4 (22. cxd4 Qb7 $16) 22... Qb7) 22. Rxe6 {[%emt 0:01:47] Intending Qxg6+ and mate.} Bxd4 23. cxd4 {[%emt 0:06:57] Chess con chili.} Kd7 $2 {[%emt 0:00:00] [#]} (23... Kf7 24. Rf6+ (24. Rd6 Nf5 $18) 24... Kg7) 24. Rxe7+ $1 $18 Kxe7 25. Qxg6 $2 (25. Rf1) 25... c5 $2 {[%emt 0:00:00] [#]} (25... Rxe3 26. Qg5+ Ke8 27. Qxe3 Qg7) 26. Qxg4 $1 Qd7 (26... Rxe3 27. Rf1) 27. Qg5+ {[%emt 0:00:30] Weighted Error Value: White=0.61/Black=0.63} 1-0